 Dungeon Crawl Stone Soup version 0.18.1-5-g4a78601 (webtiles) character file.

578 M4edhros the Nimble (level 7, -1/43 HPs)
             Began as an Octopode Artificer on May 10, 2016.
             Slain by a small abomination (3 damage)
             ... summoned by the severe capriciousness of Xom
             ... on level 3 of the Dungeon.
             The game lasted 00:09:25 (11090 turns).

M4edhros the Nimble (Octopode Artificer)           Turns: 11090, Time: 00:09:26

Health: -1/43      AC:  1    Str:  9 (11) XL:     7   Next: 35%
Magic:  9/9        EV: 17    Int: 10 (12) God:    Xom [*.....]
Gold:   236        SH:  0    Dex: 12 (14) Spells: 0 memorised, 6 levels left

rFire  + . .     SeeInvis .     v - +1 spear (pierce)
rCold  . . .     Gourm    .     (no shield)
rNeg   . . .     Faith    .     (helmet restricted)
rPois  +         Spirit   .     (no amulet)
rElec  .         Dismiss  .     l - ring of poison resistance
rCorr  .         Reflect  .     (no ring)
SustAt .         Harm     .     (no ring)
MR     .....                    (no ring)
Stlth  +++++.....               (no ring)
                                (no ring)
                                (no ring)
                                (no ring)

@: not resistant to hostile enchantments, quite stealthy
A: almost no armour, amphibious, 8 rings, constrict 8, tentacle spike 1,
camouflage 1, dopey 1, fire resistance 1, gelatinous body 1, evolution 1
a: Renounce Religion


You were on level 3 of the Dungeon.
You worshipped Xom.
You were a special plaything of Xom.
You were not hungry.

You visited 2 branches of the dungeon, and saw 5 of its levels.

You collected 236 gold pieces.

Inventory:

Hand Weapons
 a - a +0 short sword
 o - a +0 hunting sling
 v - a +1 spear of piercing (weapon)
 F - a +2 hunting sling of flaming
Missiles
 p - 66 stones (quivered)
 r - 54 sling bullets
 C - 28 arrows
Armour
 z - a +4 chain mail of poison resistance
Jewellery
 l - a ring of poison resistance (left tentacle)
 x - a cursed ring of loudness {unknown}
Wands
 b - a wand of flame (15/48)
 c - a wand of enslavement (12/24)
 d - a wand of random effects (14/48)
 y - a wand of slowing (25/48)
 A - a wand of flame (31/48)
 B - a wand of flame (10/48)
 G - a wand of hasting (4/9)
Scrolls
 g - 10 scrolls of identify {unknown}
 h - 3 scrolls of fog {unknown}
 n - a scroll of enchant weapon {unknown}
 s - 2 scrolls of fear {unknown}
 t - a scroll of blinking {unknown}
 w - a scroll of magic mapping {unknown}
 D - a scroll of amnesia
Potions
 e - 2 potions of curing {unknown}
 i - a potion of heal wounds {unknown}
 k - a potion of lignification {unknown}
 m - a potion of agility
 E - a potion of cure mutation {unknown}
Books
 j - a book of the Warp

   Spells                             Type                      Level
   a - Recall                         Summoning/Translocation      3
   b - Gell's Gravitas                Hexes/Translocation          3
   c - Force Lance                    Conjuration/Translocation    4
   d - Warp Weapon                    Charms/Translocation         5
   e - Summon Forest                  Summoning/Translocation      5
Miscellaneous
 H - a box of beasts {used: 1}
Comestibles
 f - a bread ration
 q - 10 royal jellies
 u - a slice of pizza
 I - a meat ration


   Skills:
 - Level 1.0 Fighting
 - Level 1.0 Short Blades
 * Level 7.2 Slings
 - Level 10.3 Dodging
 + Level 8.9 Stealth
 - Level 3.2 Evocations


You had 6 spell levels left.
You didn't know any spells.

Dungeon Overview and Level Annotations

Branches:
Dungeon (4/15)             Temple (1/1) D:4

Altars:
Gozag
Kikubaaqudgha
Okawaru
Pakellas
Qazlal
Sif Muna
Trog
Vehumet
Xom
Yredelemnul
Zin
The Shining One

Annotations:
D:3 no0bjke's ghost, amateur GrBe


Innate Abilities, Weirdness & Mutations

You cannot wear most types of armour.
You are amphibious.
You can wear up to eight rings at the same time.
You can use your tentacles to constrict eight enemies at once.
Your skin changes colour to match your surroundings (Stealth).
Your rubbery body absorbs attacks (AC +1).
One of your tentacles bears a spike.
You are dopey. (Int -2)
Your flesh is heat resistant.
You evolve.


Message History

No0bjke's ghost closely misses you. The giant newt misses you.
You hit the giant newt.
You kill the giant newt! "Try this."
A chorus of moans calls out to you! No0bjke's ghost hits you!
You hit the small abomination but do no damage.
You pierce the small abomination, but do no damage.
The small abomination misses you. No0bjke's ghost hits you.
The small abomination hits you!!
* * * LOW HITPOINT WARNING * * *
Read which item? (? for menu, Esc to quit)
Okay, then.
Drink which item? (? for menu, Esc to quit)
Okay, then.
Evoke which item? (* to show all) (? for menu, Esc to quit)
You open the lid... ...and a larval batsting beast flies out!
The small abomination hits you.
You die...

#.# #.######.#.....##
#.##########........#.....#
####.................#.########
#).....)..#########.#.....##...
#.........# #...............
#.........# #.####.#.#.##.##
#.........######..<...#.#.##.##
#...........Hxx#..#####.#.....#
#.........####@#..##....#......
#.........# #W#..##.####......
########.## #.....#.########..
######.#######>..............
#........l# ##########.##.#.
#.####.##.# #.##... #.....l...#
#.###.# #####+###รท#
#########.# #.# #........#
#$.....##.# #..


You could see 2 small abominations, no0bjke's ghost and a friendly larval
batsting beast.

Vanquished Creatures
  Blork the orc (D:4)
  An orc priest (D:4)
  6 adders
  4 gnolls
  A shadow imp (D:4)
  2 worms (D:2)
  2 dart slugs (D:1)
  13 orcs
  A ball python (D:3)
  8 bats
  4 giant cockroaches
  12 goblins
  14 hobgoblins
  A quokka (D:4)
  4 giant newts
  8 kobolds
  7 rats
89 creatures vanquished.

Vanquished Creatures (others)
  A human (D:4)
  A bat (D:3)
2 creatures vanquished.

Grand Total: 91 creatures vanquished

Notes
Turn   | Place    | Note
--------------------------------------------------------------
     0 | D:1      | M4edhros the Octopode Artificer began the quest for the Orb.
     0 | D:1      | Reached XP level 1. HP: 13/13 MP: 3/3
   120 | D:1      | Reached XP level 2. HP: 18/18 MP: 4/4
   368 | D:1      | Reached XP level 3. HP: 15/23 MP: 5/5
  1128 | D:2      | Reached skill level 5 in Stealth
  1257 | D:2      | Reached XP level 4. HP: 17/28 MP: 6/6
  1505 | D:2      | Found an iron altar of Okawaru.
  1732 | D:4      | Reached XP level 5. HP: 33/33 MP: 7/7
  1756 | D:4      | Noticed Blork the orc
  1773 | D:4      | Killed Blork the orc
  1781 | D:4      | Found a staircase to the Ecumenical Temple.
  1816 | D:4      | Reached XP level 6. HP: 8/38 MP: 8/8
  1870 | Temple   | Entered the Ecumenical Temple
  1885 | Temple   | Became a worshipper of Xom of Chaos
  2215 | D:4      | XOM: harmless Divn miscast
  2295 | D:4      | XOM: mild Summ miscast
  2377 | D:4      | Found an ancient bone altar of Kikubaaqudgha.
  2405 | D:4      | Noticed a human
  2406 | D:4      | Killed a human
  2514 | D:3      | Found a deep blue altar of Sif Muna.
  2703 | D:3      | XOM: divination: magic mapping
  2792 | D:3      | Noticed no0bjke's ghost (amateur GrBe)
  2805 | D:3      | XOM: harmless Summ miscast
  3011 | Temple   | XOM: 11-stop teleportation journey
  3046 | D:3      | XOM: fog
  3098 | D:3      | XOM: 1-stop teleportation journey
  3110 | D:3      | XOM: 3-stop teleportation journey
  3135 | D:3      | XOM: harmless Necr miscast
  3324 | Temple   | XOM: god gift: sapphire potion
  3605 | Temple   | XOM: colour smoke trail
  3736 | Temple   | XOM: mild Trmt miscast
  4592 | Temple   | XOM: 3-stop teleportation journey
  4626 | Temple   | XOM: colour smoke trail
  4863 | Temple   | XOM: 1-stop teleportation journey
  4900 | Temple   | XOM: noise
  5380 | Temple   | XOM is BORED!
  5380 | Temple   | XOM: give mutations
  5380 | Temple   | Gained mutation: You are frail (-10% HP). [Xom's mischief]
  5380 | Temple   | Gained mutation: Your body sometimes deteriorates upon taking damage. [Xom's mischief]
  5380 | Temple   | Gained mutation: You are dopey. (Int -2) [Xom's mischief]
  5380 | Temple   | Lost mutation: Your body sometimes deteriorates upon taking damage. [Xom's mischief]
  5646 | Temple   | XOM: give mutations
  5646 | Temple   | Gained mutation: You are weak. (Str -2) [Xom's mischief]
  5646 | Temple   | Lost mutation: You are weak. (Str -2) [Xom's mischief]
  5646 | Temple   | Gained mutation: Your flesh is heat resistant. [Xom's mischief]
  5940 | Temple   | XOM: vitrification
  6134 | Temple   | XOM: god gift: shiny chain mail {god gift}
  7013 | Temple   | XOM: 5-stop teleportation journey
  7270 | Temple   | XOM is BORED!
  7270 | Temple   | XOM: medium Ice miscast
  7325 | Temple   | XOM: god gift: 55 gold pieces
  7381 | Temple   | XOM: give mutations
  7381 | Temple   | Gained mutation: You evolve. [Xom's grace]
  7381 | Temple   | Gained mutation: One of your tentacles bears a spike. [Xom's grace]
  7477 | Temple   | XOM: god gift: 10 royal jellies
  8100 | Temple   | XOM is BORED!
  8100 | Temple   | XOM: mild Chrm miscast
  8376 | Temple   | XOM: stat loss: -1 Dex (12/14)
  8604 | D:3      | XOM: potion effect (might)
  8687 | D:3      | XOM: cast spell 'Necromutation'
  8744 | D:3      | XOM: confuse monster(s)
  8767 | D:3      | XOM: silly message
  8779 | D:3      | XOM: silly message
  8784 | D:3      | XOM: potion effect (invisibility)
  8819 | D:3      | XOM: potion effect (curing)
  8860 | D:3      | XOM: summons 3 hostile demons
  8862 | D:3      | XOM: 1-stop teleportation journey
  8934 | D:3      | XOM: confusion
  8955 | D:3      | XOM: butterfly on damage
  9007 | D:3      | XOM: potion effect (berserk rage)
  9308 | Temple   | XOM: vitrification
 10043 | Temple   | XOM: god gift: 28 arrows
 10215 | Temple   | XOM is BORED!
 10215 | Temple   | XOM: 1-stop teleportation journey
 10490 | Temple   | XOM: god gift: brass wand {god gift}
 10679 | Temple   | XOM: god gift: box of beasts
 10809 | D:3      | XOM: potion effect (berserk rage)
 10842 | D:3      | XOM: potion effect (experience)
 10842 | D:3      | Reached skill level 10 in Dodging
 10842 | D:3      | Reached XP level 7. HP: 25/38 MP: 9/9
 10846 | D:3      | XOM: silly message
 10889 | D:3      | XOM: potion effect (berserk rage)
 10892 | D:3      | XOM: polymorph giant cockroach -> dart slug
 10919 | D:3      | XOM: confusion (+ monsters)
 10920 | D:3      | Lost mutation: You are frail (-10% HP). [evolution]
 10941 | D:3      | XOM: enchant monster (good)
 10942 | D:3      | XOM: mild Chrm miscast
 11070 | Temple   | XOM: god gift: meat ration
 11082 | D:3      | XOM: confusion
 11088 | D:3      | XOM: medium Summ miscast
 11089 | D:3      | HP: 2/43 [small abomination[the severe capriciousness of Xom] (19)]
 11090 | D:3      | Slain by a small abomination

Skill      XL: |  1  2  3  4  5  6 |
---------------+-------------------+-----
Stealth        | 3 4 5 6 8 |  8.9
Slings         | 7 |  7.2
Dodging        | 10 | 10.3
Fighting       | |  1.0
Short Blades   | |  1.0
Evocations     | |  3.2

Action                   |  1- 3 |  4- 6 |  7- 9 || total
-------------------------+-------+-------+-------++-------
Melee: Short sword       |    61 |    58 |       ||   119
       Tentacles         |    12 |    18 |       ||    30
       Constrict         |    13 |    20 |     1 ||    34
       Spear             |       |    54 |     4 ||    58
       Kick              |       |     1 |     1 ||     2
 Fire: Hunting sling     |       |     6 |       ||     6
Evoke: Wand              |     1 |     3 |       ||     4
       Box of beasts     |       |       |     1 ||     1
  Use: Potion            |       |     6 |       ||     6
       Scroll            |       |     1 |       ||     1
 Stab: Sleeping          |     7 |    18 |       ||    25
       Distracted        |       |     1 |       ||     1
       Invisible         |       |     1 |       ||     1
  Eat: Chunk             |     1 |     6 |       ||     7
       Meat ration       |       |     3 |       ||     3
       Bread ration      |       |     2 |       ||     2
       Pizza             |       |     1 |       ||     1
       Beef jerky        |       |     1 |       ||     1
Armor: Skin              |     8 |    14 |    15 ||    37
Dodge: Dodged            |    32 |   103 |    74 ||   209
